 Dungeon Crawl Stone Soup version 0.28.0-45-g0d030f2227 (webtiles) character file.

Game seed: 16126951921142360006

798 NinjaNoafa the Skirmisher (level 7, -3/63 HPs)
             Began as a Hill Orc Fighter on Apr 11, 2022.
             Was an Initiate of Beogh.
             Slain by an earth elemental (24 damage)
             ... created by the adversity of Qazlal
             ... on level 5 of the Dungeon.
             The game lasted 00:09:31 (3478 turns).

NinjaNoafa the Skirmisher (Hill Orc Fighter)        Turns: 3478, Time: 00:09:32

Health: -3/63      AC: 18    Str: 16    XL:     7   Next: 89%
Magic:  7/8        EV:  6    Int:  8    God:    Beogh [......]
Gold:   194        SH: 12    Dex: 10    Spells: 6/6 levels left

rFire   x x .      SeeInvis .   o - +6 dagger (protect)
rCold   x . .      Faith    .   c - +2 buckler
rNeg    + . .      Spirit   .   E - +1 chain mail "Wetinu Lyxt" {Str-5 Slay+3 Stlth+}
rPois   .          Reflect  +   (no helmet)
rElec   x          Harm     .   (no cloak)
rCorr   .          Rampage  .   (no gloves)
Will    .....                   (no boots)
Stlth   ..........              d - amulet of reflection
HPRegen 0.20/turn               g - ring of protection from cold
MPRegen 0.11/turn               q - ring of positive energy

@: mighty, brilliant, under a protective aura, flying
A: [cold vulnerability 2], [heat vulnerability 2], [electricity vulnerability]
a: Renounce Religion


You were on level 5 of the Dungeon.
You worshipped Beogh.
Beogh was noncommittal.
You visited 2 branches of the dungeon, and saw 6 of its levels.

You collected 194 gold pieces.

Inventory:

Hand Weapons
 a - a +0 war axe
 e - a +1 hand axe of flaming
 j - a +1 vorpal trident
 l - a +0 vampiric scythe
 o - a +6 dagger of protection (weapon)
 t - a +1 dagger of holy wrath
 C - a +0 hunting sling
Missiles
 u - 5 poisoned darts (quivered)
Armour
 b - a +0 scale mail
 c - a +2 buckler (worn)
 i - a +0 plate armour
 w - a +0 robe
 E - the +1 chain mail "Wetinu Lyxt" (worn) {Str-5 Slay+3 Stlth+}
   (You found it on level 5 of the Dungeon)

   Str:       It affects your strength (-5).
   Slay:      It affects your accuracy & damage with ranged weapons and melee
   (+3).
   Stlth:     It makes you more stealthy.
Jewellery
 d - an amulet of reflection (around neck)
 g - a ring of protection from cold (left hand)
 h - an amulet of guardian spirit
 q - a ring of positive energy (right hand)
Wands
 z - a wand of polymorph (8)
Scrolls
 k - a scroll of fog {unknown}
 m - a scroll of torment
 n - 2 scrolls of noise
 s - 3 scrolls of identify {unknown}
 v - a scroll of fear {unknown}
 y - a scroll of blinking {unknown}
 B - a scroll of immolation {unknown}
Potions
 f - 2 potions of curing
 r - a potion of attraction
 A - a potion of haste


   Skills:
 + Level 6.2 Fighting
 * Level 3.7 Short Blades
 - Level 3.9(4.0) Axes
 - Level 1.0(2.2) Polearms
 + Level 5.6 Armour
 + Level 5.0 Shields
 + Level 1.4 Invocations


You had 6 spell levels left.
You didn't know any spells.
Your spell library contained the following spells:

 Spells                   Type           Power      Damage    Failure   Level
 Corpse Rot               Necr/Air       0%         N/A       100%        2
 Poisonous Vapours        Pois/Air       0%         N/A       100%        2
 Olgreb's Toxic Radiance  Pois           0%         N/A       100%        4
 Ozocubu's Refrigeration  Ice            0%         4d5       100%        7
 Ignition                 Fire           0%         3d3       100%        8


Dungeon Overview and Level Annotations

Branches:
Dungeon (5/15)             Temple (1/1) D:4

Altars:
Ashenzari
Cheibriados
Dithmenos
Elyvilon
Fedhas
Gozag
Hepliaklqana
Kikubaaqudgha
Makhleb
Nemelex Xobeh
Okawaru
Qazlal
Ru
Sif Muna
Trog
Uskayaw
Vehumet
Wu Jian
Xom
Yredelemnul
Zin
The Shining One


Innate Abilities, Weirdness & Mutations

[You are very vulnerable to cold. (rC--)]
[You are very vulnerable to heat. (rF--)]
[You are vulnerable to electric shocks.]


Message History

The wind drake barely misses you.
The ice beast hits you but does no damage.
The earth elemental barely misses you.
You hit the wind drake.
The wind drake is heavily wounded.
The wind drake bites you.
The ice beast hits you but does no damage.
You hit the wind drake.
The wind drake is severely wounded.
You block the wind drake's attack. You block the ice beast's attack.
You block the earth elemental's attack. You block the wind drake's attack.
You puncture the wind drake!
The wind drake is almost dead.
The ice beast hits you. The ice beast freezes you!!
You feel a terrible chill! The wind drake barely misses you.
You puncture the wind drake!
You kill the wind drake!
That felt strangely unrewarding.
You block the earth elemental's attack.
The ice beast hits you but does no damage.
You hit the ice beast.
The ice beast is severely wounded.
The ice beast hits you but does no damage.
You hit the earth elemental.
The earth elemental is moderately damaged.
You block the earth elemental's attack. You block the ice beast's attack.
You feel much better. The earth elemental hits you!!
You block the ice beast's attack.
You completely miss the earth elemental.
The earth elemental is lightly damaged.
You puncture the ice beast!
You kill the ice beast!
Beogh accepts your kill. The earth elemental barely misses you.
Your Shields skill increases to level 5!
You hit the earth elemental.
The earth elemental is moderately damaged.
You hit the earth elemental but do no damage.
The earth elemental is moderately damaged.
The earth elemental hits you!!
You die...

#.##..#.........###.#.#
#.##..#.#.###.#.# #.#.#
#.##......# #.#.# #.#..
#.......#.###.#.# #....
####.####.....#.###....
#####.######.###........
..........# #.# #####....
####..#.#.####.##.........
#.....@......(.######..
##.###E######### ### ...#
#####


You could see an earth elemental.

Vanquished Creatures
  A wind drake (D:5)
  Sigmund (D:2)
  An ice beast (D:5)
  2 ogres (D:4)
  2 scorpions (D:4)
  A howler monkey (D:5)
  2 hounds
  2 orc priests (D:5)
  A jelly (D:4)
  Jessica (D:2)
  2 hound skeletons (D:4)
  4 adders
  An ufetubus (D:5)
  A worm (D:3)
  3 orcs
  4 bats
  6 endoplasms
  2 giant cockroaches (D:4)
  8 goblins
  5 hobgoblins
  A jackal (D:4)
  4 kobolds
  6 quokkas
  4 ball pythons
  2 frilled lizards (D:1)
  2 rats
69 creatures vanquished.

Vanquished Creatures (others)
  A necrophage (D:4)
  An orc priest (D:4)
  A hound skeleton (D:5)
  2 jackals (D:4)
5 creatures vanquished.

Grand Total: 74 creatures vanquished

Notes
Turn   | Place    | Note
-------+----------+-------------------------------------------
     0 | D:1      | NinjaNoafa the Hill Orc Fighter began the quest for the
                  | Orb.
     0 | D:1      | Reached XP level 1. HP: 19/19 MP: 1/1
   226 | D:1      | Reached XP level 2. HP: 27/27 MP: 2/2
   334 | D:1      | Found a faded altar of an unknown god.
   446 | D:1      | Reached skill level 4 in Fighting
   579 | D:2      | Noticed Sigmund
   589 | D:2      | Killed Sigmund
   590 | D:2      | Reached skill level 5 in Fighting
   590 | D:2      | Reached XP level 3. HP: 30/36 MP: 3/3
   590 | D:2      | Reached XP level 4. HP: 35/42 MP: 4/4
   590 | D:2      | Reached XP level 5. HP: 41/48 MP: 5/5
   875 | D:2      | Noticed Jessica
   877 | D:2      | Killed Jessica
   878 | D:2      | Reached skill level 1 in Polearms
  1236 | D:3      | Reached skill level 1 in Short Blades
  1236 | D:3      | Reached XP level 6. HP: 55/56 MP: 6/6
  1414 | D:3      | Noticed a fire elemental
  1416 | D:3      | Found a stormy altar of Qazlal.
  1417 | D:3      | Noticed an air elemental
  1417 | D:3      | Noticed a water elemental
  1422 | D:3      | Became a worshipper of Qazlal Stormbringer
  1859 | D:4      | Reached skill level 5 in Armour
  2314 | D:4      | Found a staircase to the Ecumenical Temple.
  2316 | D:4      | Fell from the grace of Qazlal
  2316 | D:4      | Became a worshipper of Beogh the Brigand
  2333 | Temple   | Entered the Ecumenical Temple
  2649 | D:4      | Reached XP level 7. HP: 43/62 MP: 7/7
  3014 | D:4      | Reached skill level 6 in Fighting
  3246 | D:5      | Entered Level 5 of the Dungeon
  3361 | D:5      | Reached skill level 1 in Invocations
  3415 | D:5      | Identified the +1 chain mail "Wetinu Lyxt" {Str-5 Slay+3
                  | Stlth+}
  3454 | D:5      | Noticed a wind drake
  3471 | D:5      | Killed a wind drake
  3477 | D:5      | Reached skill level 5 in Shields
  3478 | D:5      | Slain by an earth elemental

Illustrated notes

Levels and vault maps discovered:
D:1:      wander_arrival_chamber, layout_basic,
          shapermc_ecumenical_altar_pompeii
D:2:      layout_rooms, uniq_sigmund, uniq_jessica
D:3:      layout_loops_ring, nicolae_qazlal_style_of_elements
D:4:      layout_gridville, minmay_temple_entry_proselytizer
D:5:      layout_loops_ring, minmay_misc_feat_tower
Temple:   roderic_octagonal_lattice_temple

Skill      XL: |  1  2  3  4  5  6  7 |
---------------+----------------------+-----
Axes           | 3 |  3.9
Fighting       | 5 6 |  6.2
Armour         | 4 5 |  5.6
Shields        | 4 5 |  5.0
Polearms       | 1 |  1.0
Short Blades   | 1 2 3 |  3.7
Invocations    | 1 |  1.4

Action                   |  1- 3 |  4- 6 |  7- 9 || total
-------------------------+-------+-------+-------++-------
Melee: Hand axe          |    39 |       |       ||    39
       Scythe            |       |    27 |       ||    27
       Dagger            |       |    97 |    73 ||   170
Invok: Convert to Beogh  |       |     1 |       ||     1
  Use: Potion            |     1 |     6 |     5 ||    12
       Scroll            |       |     1 |     3 ||     4
Armor: Scale mail        |     5 |       |       ||     5
       Plate armour      |    16 |    88 |    21 ||   125
       Chain mail        |       |       |     8 ||     8
Dodge: Dodged            |     9 |    38 |    20 ||    67
Block: Buckler           |     4 |    37 |    38 ||    79
       Reflection        |       |       |     1 ||     1
